 Dungeon Crawl Stone Soup version 0.28-a0-1387-g3a22ab9bdc (webtiles) character file.

Game seed: 14452546346697274907

5030 drock42 the Carver (level 10, -7/84 HPs)
             Began as a Palentonga Fighter on Sept 23, 2021.
             Was a Follower of Uskayaw.
             Mangled by a two-headed ogre (42 damage)
             ... on level 7 of the Dungeon on Jan 2, 2022.
             The game lasted 00:30:11 (9387 turns).

drock42 the Carver (Palentonga Fighter)             Turns: 9387, Time: 00:30:12

Health: -7/84      AC: 17    Str: 20    XL:     10   Next: 30%
Magic:  10/10      EV:  9    Int:  8    God:    Uskayaw [*.....]
Gold:   362        SH:  8    Dex: 13    Spells: 9/9 levels left

rFire   + . .      SeeInvis +   I - +0 scimitar
rCold   . . .      Faith    .   z - +3 warlock's mirror {reflect}
rNeg    . . .      Spirit   .   C - +1 scale mail {Will+}
rPois   .          Reflect  +   H - +2 hat
rElec   .          Harm     .   (no cloak)
rCorr   .          Rampage  .   (no gloves)
Will    +....                   (no barding)
Stlth   ..........              (no amulet)
HPRegen 0.24/turn               m - +4 ring of slaying
MPRegen 0.12/turn               k - ring of protection from fire

@: curled up
A: large, rugged brown scales 3, see invisible, deformed body, roll 1, armoured
tail, reflexive curl
a: Rolling Charge, Renounce Religion, Stomp


You were on level 7 of the Dungeon.
You worshipped Uskayaw.
Uskayaw was noncommittal.
You visited 2 branches of the dungeon, and saw 9 of its levels.

You collected 362 gold pieces.

Inventory:

Hand Weapons
 a - a +0 long sword
 c - a +2 dagger of venom
 o - a +2 dagger of speed
 I - a +0 scimitar (weapon)
Missiles
 g - 6 boomerangs
 i - 73 sling bullets
 r - a boomerang of dispersal
 B - 43 poisoned darts (quivered)
Armour
 z - the +3 warlock's mirror (worn) {reflect}
   (You found it on level 5 of the Dungeon)

   It can block and reflect piercing ranged attacks and magical attacks against
   the wielder's willpower.
 C - a +1 scale mail of willpower (worn)
 E - +0 steam dragon scales
 H - a +2 hat (worn)
Jewellery
 e - a ring of wizardry
 k - a ring of protection from fire (right hand)
 m - a +4 ring of slaying (left hand)
 A - a +4 ring of protection
 G - a ring of protection from fire
Wands
 y - a wand of charming (18)
 D - a wand of acid (10)
 F - a wand of digging (4)
Scrolls
 b - 3 scrolls of teleportation
 f - a scroll of noise {unknown}
 h - a scroll of fear {unknown}
 j - a scroll of identify
 w - a scroll of magic mapping {unknown}
 x - a scroll of holy word {unknown}
Potions
 d - a potion of might
 l - a potion of berserk rage {unknown}
 n - a potion of lignification {unknown}
 p - a potion of flight {unknown}
 q - 3 potions of heal wounds
 s - a potion of mutation {unknown}
 t - a potion of resistance {unknown}
 u - a potion of attraction {unknown}
 v - a potion of invisibility {unknown}


   Skills:
 + Level 7.2 Fighting
 + Level 10.3 Long Blades
 + Level 6.2 Armour
 + Level 3.1 Dodging
 + Level 1.8 Stealth
 + Level 4.2 Shields


You had 9 spell levels left.
You didn't know any spells.
Your spell library contained the following spells:

 Spells                   Type           Power      Damage    Failure   Level
 Corpse Rot               Necr/Air       0%         N/A       86%         2
 Conjure Flame            Conj/Fire      0%         6-21      98%         3
 Dazzling Flash           Conj/Hex       0%         N/A       98%         3
 Ignite Poison            Fire/Tmut/Pois 0%         N/A       98%         3
 Dispel Undead            Necr           0%         3d6       100%        4
 Iskenderun's Mystic Bla  Conj/Tloc      0%         2d3       100%        4
 Sticky Flame             Conj/Fire      0%         2d3       100%        4
 Agony                    Necr           0%         N/A       100%        5
 Silence                  Hex/Air        0%         N/A       100%        5
 Death Channel            Necr           0%         N/A       100%        6
 Starburst                Conj/Fire      0%         6d3       100%        6


Dungeon Overview and Level Annotations

Branches:
Dungeon (8/15)             Temple (1/1) D:6
   Lair: D:8-11

Altars:
Ashenzari
Cheibriados
Elyvilon
Fedhas
Gozag
Hepliaklqana
Kikubaaqudgha
Nemelex Xobeh
Qazlal
Ru
Sif Muna
Trog
Uskayaw
Wu Jian
Yredelemnul
Zin
The Shining One

Annotations:
D:8 Gastronok


Innate Abilities, Weirdness & Mutations

You are completely covered in rugged brown scales. (AC +3, +7% HP)
You have supernaturally acute eyesight. (SInv)
Armour fits poorly on your strangely shaped body.
You can roll at nearby foes to attack.
You have a long armoured tail.
You curl defensively after being hit. (AC +7*)


Message History

The cyclops is moderately wounded.
You hit the cyclops.
You tail-slap the cyclops, but do no damage.
The cyclops is moderately wounded.
The cyclops misses you.
You can now pass through a line of other dancers.
You slash the cyclops! You tail-slap the cyclops.
The cyclops is severely wounded.
The two-headed ogre closely misses you.
The two-headed ogre hits you with a +0 giant club!
Unknown command.
You barely miss the cyclops.
The cyclops is severely wounded.
The two-headed ogre hits you with a +0 giant club!
The two-headed ogre barely misses you. You block the cyclops's attack.
A two-headed ogre comes into view.
It is wielding the +10 dark maul {vorpal} and a +0 giant spiked club.
There is a large open door here.
You see here a +0 plate armour.
You can no longer pass through a line of other dancers.
There is a large open door here.
You see here a +0 ring mail.
There is a stone staircase leading up here.
You climb upwards.
There is a stone staircase leading down here.
You start resting.
HP restored.
You climb downwards.
Level annotation: Gastronok The two-headed ogre hits you with a +0 giant club!
The two-headed ogre hits you with a +0 giant club!!
The two-headed ogre hits you but does no damage.
The two-headed ogre hits you with a +0 giant club!
The two-headed ogre misses you. The two-headed ogre closely misses you.
There is a stone staircase leading up, spattered with blood here.
You climb upwards.
There is a stone staircase leading down here.
Unknown command.
The two-headed ogre hits you with the +10 dark maul {vorpal}!!!
Ouch! That really hurt!
You die...

##.#.###.# ####.#### ##.##
#.#.###.# #.......# ##...##
#.#.....# #.##.##.# ##.....#
##.##.#..# #.##.##.###.......
##.#.....#######.....#.##........
'................................
##.......#####.........##[.).....
##.##.#..# #.#OO.....###.......
#.####..# #.#@#####.# ##.....#
#.##....# #.#...# #.# ##...##
#.##.##.# #.###.# #.# ##.##
#.##.##.# #.# #.# #.# ##.###
#.##.##.# #.###.###.# #.....
#.......# #.........# #..##.
#####.#### #####.##### ##.....
......# #.# ##...... #######
#.#######.......


You could see 2 two-headed ogres.

Vanquished Creatures
  A cyclops (D:8)
  Maggie (D:6)
  4 yaks (D:7)
  A wyvern (D:8)
  A wraith (D:7)
  A water moccasin (D:5)
  Edmund (D:6)
  3 orc warriors
  3 black bears
  5 necrophages
  3 ogres
  4 phantoms
  A kobold brigand (D:7)
  A bullfrog (D:6)
  A gnoll sergeant (D:7)
  4 scorpions
  3 water moccasin zombies
  A water moccasin skeleton (D:6)
  A centaur zombie (D:5)
  6 jellies
  4 centaur skeletons
  2 orc priests (D:3)
  A gnoll shaman (D:6)
  4 hounds (D:5)
  A bullfrog skeleton (D:6)
  5 iguanas
  4 orc wizards
  2 hound zombies
  3 hound skeletons
  7 gnolls
  A howler monkey skeleton (D:3)
  11 adders
  An adder skeleton (D:3)
  2 dart slugs
  23 orcs
  2 bats (D:1)
  4 endoplasms
  3 giant cockroaches
  4 goblins
  8 hobgoblins
  3 jackals (D:5)
  6 quokkas
  8 ball pythons
  A ball python zombie (D:3)
  3 frilled lizards
  11 kobolds
  A quokka skeleton (D:3)
  7 rats
178 creatures vanquished.

Vanquished Creatures (others)
  A goblin (D:1)
  A bush (D:4)
  16 plants
  5 withered plants (D:3)
23 creatures vanquished.

Grand Total: 201 creatures vanquished

Notes
Turn   | Place    | Note
-------+----------+-------------------------------------------
     0 | D:1      | drock42 the Palentonga Fighter began the quest for the Orb.
     0 | D:1      | Reached XP level 1. HP: 19/19 MP: 1/1
   166 | D:1      | Reached XP level 2. HP: 25/25 MP: 2/2
   981 | D:2      | Reached XP level 3. HP: 11/31 MP: 3/3
  1562 | D:2      | Reached XP level 4. HP: 37/37 MP: 4/4
  1676 | D:3      | Reached skill level 3 in Long Blades
  1881 | D:3      | Found a sparkling altar of Nemelex Xobeh.
  2041 | D:3      | Found a faded altar of an unknown god.
  2066 | D:3      | Reached XP level 5. HP: 42/43 MP: 5/5
  2546 | D:3      | Reached skill level 1 in Dodging
  2847 | D:4      | Reached skill level 4 in Long Blades
  2873 | D:4      | Found a glowing golden altar of the Shining One.
  2998 | D:4      | Found a shimmering blue altar of Sif Muna.
  3159 | D:4      | Noticed a phantom
  3169 | D:4      | Killed a phantom
  3170 | D:4      | Reached XP level 6. HP: 43/51 MP: 6/6
  3209 | D:4      | Identified the +1 robe of Mab Buy {+Inv Will+ rCorr}
  3793 | D:4      | Found a blossoming altar of Fedhas.
  3854 | D:4      | Reached skill level 5 in Long Blades
  3854 | D:4      | Gained mutation: You curl defensively after being hit. (AC
                  | +7*) [Palentonga growth]
  3854 | D:4      | Reached XP level 7. HP: 43/57 MP: 7/7
  4312 | D:5      | Entered Level 5 of the Dungeon
  4329 | D:5      | Found a white marble altar of Elyvilon.
  4335 | D:5      | Reached skill level 6 in Long Blades
  4479 | D:5      | Reached XP level 8. HP: 47/65 MP: 8/8
  4485 | D:5      | Reached skill level 5 in Fighting
  4559 | D:5      | Found the +3 warlock's mirror {reflect}
  5027 | D:5      | Reached skill level 7 in Long Blades
  5830 | D:5      | Reached skill level 5 in Armour
  5987 | D:6      | Noticed Edmund
  6005 | D:6      | Reached skill level 8 in Long Blades
  6008 | D:6      | Killed Edmund
  6009 | D:6      | Reached skill level 1 in Stealth
  6009 | D:6      | Reached XP level 9. HP: 56/73 MP: 9/9
  6227 | D:6      | Found a stormy altar of Qazlal.
  6280 | D:6      | Found a staircase to the Ecumenical Temple.
  6288 | Temple   | Entered the Ecumenical Temple
  6342 | Temple   | Became a worshipper of Uskayaw the Reveller
  6368 | D:6      | Noticed Maggie
  6378 | D:6      | Reached * piety under Uskayaw
  6379 | D:6      | Reached ** piety under Uskayaw
  6380 | D:6      | Killed Maggie
  6406 | D:6      | Reached *** piety under Uskayaw
  6898 | D:6      | Reached **** piety under Uskayaw
  7002 | D:6      | Found a snail-covered altar of Cheibriados.
  7212 | D:7      | Reached skill level 9 in Long Blades
  7906 | D:7      | Reached ***** piety under Uskayaw
  7914 | D:7      | Reached XP level 10. HP: 47/82 MP: 10/10
  7919 | D:7      | Reached ****** piety under Uskayaw
  8412 | D:7      | Upgraded the game from 0.28-a0-519-gbfeecf2fc5 to
                  | 0.28-a0-1387-g3a22ab9bdc
  8662 | D:8      | Reached skill level 10 in Long Blades
  8671 | D:8      | Noticed Gastronok
  9013 | D:8      | Noticed a cyclops
  9020 | D:8      | Killed a cyclops
  9262 | D:8      | Noticed a cyclops
  9268 | D:8      | Noticed a two-headed ogre
  9273 | D:8      | Noticed a two-headed ogre
  9387 | D:7      | Mangled by a two-headed ogre

Illustrated notes

Levels and vault maps discovered:
D:1:      kilobyte_arrival_exit_the_forest, layout_loops_ring
D:2:      layout_rooms
D:3:      layout_rooms, amcnicky_altar_gilded, serial_undead, serial_undead_b,
          serial_undead_f, serial_undead_e, serial_undead_a,
          basic_ecumenical_altar, serial_bayou_lake_a
D:4:      layout_loops_corners, old_standard_altar,
          mainiacjoe_overflow_brackets, fedhas_altar_decomposition,
          kennysheep_generic_room_13
D:5:      minmay_recursive_quarters, layout_basic, elyvilon_altar_5,
          minmay_misc_feat_chi
D:6:      layout_cave_pods, grunt_qazlal_sundering, kennysheep_mini,
          minmay_temple_entry_hall, uniq_maggie, uniq_edmund
D:7:      layout_loops_corners
D:8:      layout_loops_cross, nicolae_dithmenos_through_a_glass_darkly,
          chequers_temple_overflow_minitemple, hangedman_decor_opposing,
          hellmonk_guarded_unrand_dark_maul, uniq_gastronok
Temple:   eino_temple_lava

Skill      XL: |  1  2  3  4  5  6  7  8  9 10 |
---------------+-------------------------------+-----
Long Blades    | 3 4 5 6 8 9 10 | 10.3
Armour         | 3 4 5 6 |  6.2
Dodging        | 1 2 3 |  3.1
Shields        | 3 4 |  4.2
Fighting       | 4 5 6 7 |  7.2
Stealth        | 1 |  1.8

Action                   |  1- 3 |  4- 6 |  7- 9 | 10-12 || total
-------------------------+-------+-------+-------+-------++-------
Melee: Long sword        |    87 |   141 |   233 |    73 ||   534
       Tailslap          |    13 |    21 |    43 |    13 ||    90
       Scimitar          |       |       |       |     6 ||     6
Throw: Dart              |       |       |       |     3 ||     3
Invok: Stomp             |       |       |     3 |       ||     3
 Abil: Rolling Charge    |    17 |    20 |    39 |     8 ||    84
  Use: Potion            |       |       |     1 |       ||     1
       Scroll            |       |       |       |     2 ||     2
 Stab: Paralysed         |       |       |     3 |     4 ||     7
Armor: Scale mail        |    34 |    17 |    32 |    18 ||   101
       Ring mail         |       |    15 |    42 |       ||    57
Dodge: Dodged            |    25 |    45 |    85 |    31 ||   186
Block: Buckler           |    18 |    16 |    43 |    23 ||   100
       Reflection        |       |       |     1 |     3 ||     4

Table legend: (Time is in decaauts)
 A = Elapsed time spent in this place.
 B = Non-inter-level travel time spent in this place.
 C = Inter-level travel time spent in this place.
 D = Time resting spent in this place.
 E = Time spent auto-exploring this place.
 F = Levels seen in this place.
 G = Mean time per level.
                   A        B        C        D        E       F      G
               +--------+--------+--------+--------+--------+-----+--------+
         Total |   9515 |   9058 |    457 |   2126 |   3365 |   9 | 1057.2 |
       Dungeon |   9452 |   8995 |    457 |   2126 |   3365 |   8 | 1181.5 |
        Temple |     62 |     62 |      0 |      0 |      0 |   1 |   62.0 |
               +--------+--------+--------+--------+--------+-----+--------+

Top non-repeatable levels by time:
     D:4: 2235 daAuts
     D:7: 1613 daAuts
     D:3: 1266 daAuts
     D:6: 1229 daAuts
     D:1: 1211 daAuts
     D:5: 957 daAuts
     D:8: 481 daAuts
     D:2: 458 daAuts
  Temple: 62 daAuts
